 Dungeon Crawl Stone Soup version 0.23.0 (webtiles) character file.

Game seed: 10011309059141565224

183 Monsterracer the Insei (level 5, 0/42 HPs)
             Began as a Vampire Monk on Feb 18, 2019.
             Was a Believer of Ru.
             Killed by nerve-wracking pain
             ... invoked by Grinder
              (9 damage)
             ... on level 3 of the Dungeon.
             The game lasted 00:05:15 (3456 turns).

Monsterracer the Insei (Vampire Monk)               Turns: 3456, Time: 00:05:16

Health: 0/42       AC:  8    Str: 11    XL:     5   Next: 35%
Magic:  13/13      EV: 15    Int: 13    God:    Ru [**....]
Gold:   146        SH:  0    Dex: 18    Spells: 4/4 levels left

rFire    + . .     SeeInvis +     - Unarmed
rCold    . . .     Gourm    .   (no shield)
rNeg     . . .     Faith    .   h - +1 leather armour {MR+}
rPois    .         Spirit   .   a - +1 helmet
rElec    .         Reflect  .   b - +1 cloak
rCorr    .         Harm     .   (no gloves)
MR       +....                  (no boots)
Stlth    +++.......             (no amulet)
HPRegen  0.34/turn              g - ring of magical power
MPRegen  0.13/turn              i - +1 ring of evasion

@: regenerating quickly
A: rotting body, fangs 3, thin skeletal structure 1, see invisible, fire
resistance 1, low mp 1, unbreathing, inability to use devices
a: Renounce Religion


You were on level 3 of the Dungeon.
You worshipped Ru.
Ru was pleased with you.
You were almost alive.

You visited 1 branch of the dungeon, and saw 4 of its levels.

You collected 146 gold pieces.

Inventory:

Armour
 a - a +1 helmet (worn)
 b - a +1 cloak (worn)
 h - a +1 leather armour of magic resistance (worn)
Jewellery
 g - a ring of magical power (left hand)
 i - a +1 ring of evasion (right hand)
Scrolls
 r - 3 scrolls of remove curse
Potions
 c - a potion of brilliance {unknown}
 e - a potion of curing
 j - a potion of lignification {unknown}
 q - 6 potions of blood


   Skills:
 + Level 3.7 Fighting
 + Level 3.7 Dodging
 - Level 3.0 Stealth
 * Level 5.6 Unarmed Combat


You had 4 spell levels left.
You didn't know any spells.
Your spell library was empty.

Dungeon Overview and Level Annotations

Branches:
Dungeon (4/15)
 Temple: D:4-7

Altars:
Ashenzari
Fedhas
Ru
Vehumet

Annotations:
D:3 Grinder


Innate Abilities, Weirdness & Mutations

Your body is rotting away.
You thrive on raw meat.
Your natural rate of healing is unusually fast.
You have razor-sharp teeth.
You have supernaturally acute eyesight. (SInv)
You can survive without breathing.
You cannot study or use magical devices.
You have a somewhat thin skeletal structure. (Dex +2, Stealth)
Your flesh is heat resistant. (rF+)
Your magical capacity is low. (-10% MP)


Message History

q - 9 potions of blood (gained 1)
Items here: ))) [[ † You feel sick.
You see here a goblin corpse.
Yummy - fresh blood!
You feel sick.
You take 1 damage, and have 15/42 hp.
Yummy - fresh blood!
Yummy - fresh blood!
You feel sick.
You take 1 damage, and have 15/42 hp.
You feel sick.
You feel sick.
You feel sick.
You feel sick.
You are no longer poisoned.
Key pressed, stopping explore.
A goblin comes into view.
You regained 25 hp, and now have 40/42 hp.
A goblin is nearby!
A goblin is nearby!
Items here: ))) [[ †
Things that are here:
a +0 club; a giant cockroach corpse The goblin shouts!
You barely miss the goblin.
A goblin is nearby!
You hit the goblin.
You kill the goblin!
Key pressed, stopping explore.
No target in view!
Health restored: 42
l - a scroll of enchant armour You see here a +0 spear.
Grinder is nearby!
As you read the scroll of enchant armour, it crumbles to dust.
Your +0 cloak glows green for a moment.
A hobgoblin comes into view. It is wielding a +0 quarterstaff.
Grinder shouts!
The hobgoblin shouts!
Grinder misses you.
You closely miss Grinder. Grinder barely misses you.
You closely miss Grinder. You bite Grinder.
Grinder is lightly wounded.
Grinder hits you.
You writhe in agony.
You take 2 damage, and have 40/42 hp.
Grinder says, "I used to sell toenails on the black market."
You hit Grinder but do no damage. You punch Grinder.
Grinder is moderately wounded.
Grinder says, "Tell me all your secrets, or I'll kill you."
Grinder hits you.
You writhe in agony.
You focus your will and illuminate Grinder in retribution!
You take 8 damage, and have 33/42 hp.
You closely miss Grinder.
Grinder is moderately wounded.
Grinder hits you!
You writhe in agony.
You take 10 damage, and have 23/42 hp.
MASSIVE DAMAGE!!
You hit Grinder. You punch Grinder. You bite Grinder.
Grinder is moderately wounded.
You hit Grinder.
Grinder is heavily wounded.
Grinder barely misses you.
You barely miss Grinder.
Grinder is heavily wounded.
Grinder barely misses you.
You barely miss Grinder.
Grinder is heavily wounded.
Grinder gestures at you. You resist with some effort.
You hit Grinder.
Grinder is severely wounded.
Grinder gestures at you. Pain shoots through your body!
* * * LOW HITPOINT WARNING * * *
You focus your will and illuminate Grinder in retribution!
You take 12 damage, and have 12/42 hp.
MASSIVE DAMAGE!!
Unknown command.
You aren't carrying any items that you can evoke.
Unknown command.
Okay, then.
You hit Grinder.
Grinder is severely wounded.
Grinder blinks!
You hit the hobgoblin. You bite the hobgoblin.
You kill the hobgoblin!
Grinder blinks!
Things that are here:
a +0 quarterstaff; a hobgoblin corpse You see here a +0 dagger.
You hit Grinder.
Grinder is severely wounded.
Grinder hits you.
* * * LOW HITPOINT WARNING * * *
You writhe in agony.
* * * LOW HITPOINT WARNING * * *
You take 6 damage, and have 9/42 hp.
You hit Grinder but do no damage.
Grinder is severely wounded.
You hit Grinder.
Grinder is almost dead.
Grinder gestures at you. Pain shoots through your body!
You die...

#......#
##############
#......##.#
#......##.#
#.......#.#
#.......#.#
#.......#.#
#######.#.#
#5#.# #.#@#
#.5.# ##).#
#.># ##.# #.#
#.# #.#
############
#.#
#...........


You could see Grinder.

Vanquished Creatures
  A scorpion (D:4)
  Robin (D:3)
  5 adders
  An ooze (D:1)
  4 worms
  A dart slug (D:1)
  3 leopard geckos
  2 orcs
  8 bats
  5 giant cockroaches
  13 goblins
  6 hobgoblins
  9 jackals
  4 kobolds
  2 ball pythons (D:1)
  4 frilled lizards
  3 rats
72 creatures vanquished.

Vanquished Creatures (others)
  A worm (D:2)
1 creature vanquished.

Grand Total: 73 creatures vanquished

Notes
Turn   | Place    | Note
-------+----------+-------------------------------------------
     0 | D:1      | Monsterracer the Vampire Monk began the quest for the Orb.
     0 | D:1      | Reached XP level 1. HP: 17/17 MP: 1/1
   115 | D:1      | HP: 8/17 [ball python (1)]
   297 | D:1      | Reached XP level 2. HP: 16/23 MP: 2/2
   575 | D:1      | Reached skill level 4 in Unarmed Combat
  1125 | D:1      | Reached XP level 3. HP: 29/29 MP: 3/3
  1778 | D:2      | Found a radiant altar of Vehumet.
  1888 | D:2      | Reached XP level 4. HP: 35/35 MP: 4/4
  1945 | D:2      | Reached skill level 5 in Unarmed Combat
  2468 | D:2      | Found a blossoming altar of Fedhas.
  2471 | D:2      | Found a sacrificial altar of Ru.
  2474 | D:2      | Found a shattered altar of Ashenzari.
  2480 | D:2      | Became a worshipper of Ru the Awakened
  2492 | D:2      | Gained mutation: You cannot study or use magical devices.
                  | [Ru sacrifice]
  2492 | D:2      | Reached * piety under Ru
  2492 | D:2      | Reached ** piety under Ru
  2717 | D:3      | Noticed Grinder
  2719 | D:3      | Paralysed by Grinder for 6 turns
  2740 | D:3      | HP: 17/35 [Grinder (2)]
  2741 | D:3      | Gained mutation: Your magical capacity is low. (-10% MP)
                  | [potion of mutation]
  2741 | D:3      | Gained mutation: You have a somewhat thin skeletal
                  | structure. (Dex +2, Stealth) [potion of mutation]
  2741 | D:3      | Gained mutation: Your flesh is heat resistant. (rF+)
                  | [potion of mutation]
  2746 | D:3      | HP: 6/35 [Grinder/nerve-wracking pain (13)]
  2764 | D:4      | HP: 14/35 [scorpion (2)]
  2767 | D:4      | Reached XP level 5. HP: 17/41 MP: 4/4
  3241 | D:3      | Noticed Robin
  3263 | D:3      | Killed Robin
  3265 | D:3      | HP: 21/42 [poisoned by Robin]
  3271 | D:3      | HP: 18/42 [poisoned by Robin]
  3277 | D:3      | HP: 16/42 [poisoned by Robin]
  3283 | D:3      | HP: 15/42 [poisoned by Robin]
  3291 | D:3      | HP: 16/42 [poisoned by Robin]
  3299 | D:3      | HP: 17/42 [poisoned by Robin]
  3443 | D:3      | HP: 12/42 [Grinder/nerve-wracking pain (12)]
  3454 | D:3      | HP: 14/42 [Grinder (2)]
  3456 | D:3      | Killed from afar by Grinder

Skill      XL: |  1  2  3  4 |
---------------+-------------+-----
Fighting       | 3 |  3.7
Unarmed Combat | 4 5 |  5.6
Dodging        | |  3.7
Stealth        | |  3.0

Action                   |  1- 3 |  4- 6 || total
-------------------------+-------+-------++-------
Melee: Unarmed           |   142 |   135 ||   277
       Bite              |    12 |    23 ||    35
       Punch             |     2 |     6 ||     8
Invok: Sacrifice Artific |       |     1 ||     1
  Use: Potion            |     9 |    11 ||    20
       Scroll            |     2 |     5 ||     7
 Stab: Sleeping          |     7 |     9 ||    16
Armor: Robe              |    12 |       ||    12
       Leather armour    |    50 |    30 ||    80
Dodge: Dodged            |   155 |    64 ||   219

Levels and vault maps discovered:
D:1:      psy_arrival_radial02, layout_basic, minmay_circled_x
D:2:      layout_loops_ring, fiery_altar_vehumet, grunt_temple_overflow_diamond,
          minmay_tall_x
D:3:      minmay_door_path, layout_basic, uniq_robin, uniq_grinder
D:4:      layout_basic, eat_drink_and_be_merry_uskayaw,
          okawaru_ov_weapons_minmay, uniq_blork_the_orc
